 Dungeon Crawl Stone Soup version 0.26-a0-958-gf3041fb45f (webtiles) character file.

Game seed: 5990892415176150206

40 Gargoyl the Skirmisher (level 3, -1/35 HPs)
             Began as a Gnoll Abyssal Knight on Nov 30, 2020.
             Was a Follower of Lugonu.
             Slain by a gnoll
             ... wielding a cursed -2 whip
              (3 damage)
             ... on level 2 of the Dungeon.
             The game lasted 00:01:34 (1030 turns).

Gargoyl the Skirmisher (Gnoll Abyssal Knight)       Turns: 1030, Time: 00:01:34

Health: -1/35      AC:  6    Str: 15    XL:     3   Next: 50%
Magic:  6/6        EV: 12    Int: 14    God:    Lugonu [*.....]
Gold:   120        SH:  0    Dex: 14    Spells: 3/3 levels left

rFire    . . .     SeeInvis +   a - +2 hand axe
rCold    . . .     Faith    .   (no shield)
rNeg     . . .     Spirit   .   f - +0 ring mail
rPois    .         Reflect  .   (no helmet)
rElec    .         Harm     .   (no cloak)
rCorr    .         Rampage  .   (no gloves)
MR       .....                  (no boots)
Stlth    +.........             e - amulet of regeneration
HPRegen  0.51/turn              j - ring of see invisible
MPRegen  0.10/turn              (no ring)

@: no status effects
A: distributed training, fangs 1, strong nose
a: Depart the Abyss, Renounce Religion


You were on level 2 of the Dungeon.
You worshipped Lugonu.
Lugonu was aware of your devotion.
You visited 1 branch of the dungeon, and saw 2 of its levels.
You visited the Abyss 1 time.

You collected 120 gold pieces.

Inventory:

Hand Weapons
 a - a +2 hand axe (weapon)
Armour
 f - a +0 ring mail (worn)
Jewellery
 e - an amulet of regeneration (around neck)
 j - a ring of see invisible (left hand)
Scrolls
 c - a scroll of fog
 h - 2 scrolls of remove curse
Potions
 b - 3 potions of lignification
 d - 2 potions of curing {unknown}
 g - a potion of heal wounds {unknown}
 i - a potion of cancellation {unknown}
 k - a potion of invisibility {unknown}


   Skills:
 + Level 6.5 Fighting
 + Level 0.8 Short Blades
 + Level 0.8 Long Blades
 + Level 4.5 Axes
 + Level 0.8 Maces & Flails
 + Level 0.8 Polearms
 + Level 0.8 Staves
 + Level 0.8 Slings
 + Level 0.8 Bows
 + Level 0.8 Crossbows
 + Level 0.8 Throwing
 + Level 4.5 Armour
 + Level 2.6 Dodging
 + Level 0.8 Stealth
 + Level 0.8 Shields
 + Level 0.8 Unarmed Combat
 + Level 0.8 Spellcasting
 + Level 0.5 Conjurations
 + Level 0.5 Hexes
 + Level 0.5 Summonings
 + Level 0.5 Necromancy
 + Level 0.5 Translocations
 + Level 0.5 Transmutations
 + Level 0.5 Fire Magic
 + Level 0.5 Ice Magic
 + Level 0.5 Air Magic
 + Level 0.5 Earth Magic
 + Level 0.5 Poison Magic
 + Level 4.6 Invocations
 + Level 0.8 Evocations


You had 3 spell levels left.
You didn't know any spells.
Your spell library was empty.

Dungeon Overview and Level Annotations

Branches:
Dungeon (2/15)

Altars:

Annotations:
D:2 1 runed translucent door, Crazy Yiuf


Innate Abilities, Weirdness & Mutations

Your experience applies equally to all skills.
You have very sharp teeth.
Your uncanny sense of smell can sniff out nearby items.


Message History

Unknown command.
You hit the gnoll.
The gnoll is heavily wounded.
You barely miss the gnoll. You completely miss the gnoll.
You closely miss the gnoll.
The gnoll hits you with a cursed -2 whip!
The gnoll hits you but does no damage. The gnoll hits you with a +0 whip.
The gnoll barely misses you.
You completely miss the gnoll.
The gnoll is heavily wounded.
You barely miss the gnoll. You hit the gnoll. You closely miss the gnoll.
The gnoll hits you with a cursed -2 whip!
The gnoll hits you!
* * * LOW HITPOINT WARNING * * *
The rat twitches its whiskers.
The gnoll hits you with a +0 whip.
* * * LOW HITPOINT WARNING * * *
The gnoll hits you but does no damage.
The gnoll hits you with a cursed -2 whip.
You die...

###### ### #(##.######
#.. #....##.... #r#
#.#.##.##.#.. #w#
#.#.##.##.#.# #.#
#.#.##....#.#
#####.####.#(#######.#
#....g..##.#.##....#.#
#...g@g.##.#(##.##.#.#
#...g...##.#.##.##.#.#
.#####.####.#.##.##....
........................
..#.###.##############.#
#.# #.. #.# ##### ###
#.# #)..# ... #...#


You could see a worm, 4 gnolls and a rat.

Vanquished Creatures
  A worm (D:2)
  A dart slug (D:2)
  A leopard gecko (D:2)
  A ball python (D:1)
  2 giant cockroaches
  5 goblins
  5 hobgoblins
  6 kobolds
  4 bats
  3 frilled lizards (D:1)
  2 rats (D:1)
31 creatures vanquished.

Notes
Turn   | Place    | Note
-------+----------+-------------------------------------------
     0 | Abyss:1  | Gargoyl the Gnoll Abyssal Knight began the quest for the
                  | Orb.
     0 | Abyss:1  | Reached XP level 1. HP: 23/23 MP: 3/3
    38 | Abyss:2  | Found a viscous altar of Jiyva.
    55 | Abyss:2  | Noticed a raiju
    55 | Abyss:2  | Noticed a raiju
    56 | Abyss:2  | Noticed a raiju
    56 | Abyss:2  | Noticed a raiju
    58 | D:1      | Escaped the Abyss
   249 | D:1      | Reached XP level 2. HP: 23/29 MP: 5/5
   321 | D:1      | Reached * piety under Lugonu
   590 | D:1      | Reached XP level 3. HP: 32/35 MP: 6/6
   867 | D:2      | Found a runed translucent door.
   868 | D:2      | Noticed Crazy Yiuf
  1030 | D:2      | Slain by a gnoll

Illustrated notes

Levels and vault maps discovered:
D:1:      nzn_arrival_settlement, layout_loops_ring,
          hangedman_decor_clover_reticule, serial_bayou_pond_d
D:2:      layout_basic, uniq_crazy_yiuf_cottage

Action                   || total
-------------------------++-------
Melee: Hand axe          ||    79
       Bite              ||     6
Invok: Depart the Abyss  ||     1
  Use: Scroll            ||     5
Armor: Ring mail         ||    38
       Leather armour    ||     1
Dodge: Dodged            ||    64

Table legend: (Time is in decaauts)
 A = Elapsed time spent in this place.
 B = Non-inter-level travel time spent in this place.
 C = Inter-level travel time spent in this place.
 D = Time resting spent in this place.
 E = Time spent auto-exploring this place.
 F = Levels seen in this place.
 G = Mean time per level.
                   A        B        C        D        E       F      G
               +--------+--------+--------+--------+--------+-----+--------+
         Total |   1035 |   1017 |     18 |      0 |    728 |   4 |  258.8 |
       Dungeon |    977 |    959 |     18 |      0 |    695 |   2 |  488.5 |
         Abyss |     57 |     57 |      0 |      0 |     33 |   2 |   28.5 |
               +--------+--------+--------+--------+--------+-----+--------+

Top non-repeatable levels by time:
     D:1: 718 daAuts
     D:2: 259 daAuts
 Abyss:1: 38 daAuts
 Abyss:2: 19 daAuts
